 Dungeon Crawl Stone Soup version 0.19-a0-1827-g174f941 (webtiles) character file.

3349 JeffiDaFish the Covert (level 9, -16/68 HPs)
             Began as a Vampire Enchanter on Oct 7, 2016.
             Was a Follower of Dithmenos.
             Demolished by a large abomination (21 damage)
             ... on level 1 of the Abyss on Oct 8, 2016.
             The game lasted 00:57:29 (10433 turns).

JeffiDaFish the Covert (Vampire Enchanter)         Turns: 10433, Time: 00:57:29

Health: -16/68     AC:  6    Str: 10    XL:     9   Next: 72%
Magic:  4/18       EV: 15    Int: 18    God:    Dithmenos [*.....]
Gold:   307        SH:  4    Dex: 14    Spells: 6 memorised, 8 levels left

rFire  . . .     SeeInvis +     k - +5 dagger
rCold  . . .     Gourm    .     b - +1 robe
rNeg   + . .     Faith    .     (no shield)
rPois  .         Spirit   .     (no helmet)
rElec  .         Dismiss  .     f - +2 cloak
rCorr  .         Reflect  +     (no gloves)
MR     .....     Harm     .     (no boots)
Stlth  ++++......               x - +4 amulet of reflection
                                A - ring of fire
                                l - ring of ice

@: very slightly contaminated, wreathed by umbra
A: fangs 3, see invisible, unbreathing
a: Bat Form, Renounce Religion


You were on level 1 of the Abyss.
You worshipped Dithmenos.
Dithmenos was aware of your devotion.
You were not thirsty.

You visited 2 branches of the dungeon, and saw 8 of its levels.
You visited the Abyss 1 time.
You also visited: Ossuary.

You collected 462 gold pieces.
You spent 155 gold pieces at shops.

Inventory:

Hand Weapons
 a - a +1 dagger
 k - a +5 dagger (weapon)
 z - a +2 dagger of speed
Missiles
 u - 33 arrows
 y - 20 bolts
Armour
 b - a +1 robe (worn)
 f - a +2 cloak (worn)
 j - a +2 cloak
Jewellery
 l - a ring of ice (left hand)
 q - an uncursed amulet of magic regeneration
 v - an uncursed amulet of guardian spirit
 x - a +4 amulet of reflection (around neck)
 A - a ring of fire (right hand)
Wands
 n - a wand of flame (1/48)
 o - a wand of random effects (37/48)
 w - a wand of disintegration (12/24)
Scrolls
 e - 2 scrolls of blinking
 h - 3 scrolls of fog
 i - 7 scrolls of remove curse
 m - 2 scrolls of identify
Potions
 d - 8 potions of blood
 g - 4 potions of agility
 p - a potion of brilliance
 s - a potion of ambrosia
 B - a potion of resistance {unknown}
Books
 c - a book of Maledictions

   Spells                             Type                      Level
   a - Corona                         Hexes                        1
   b - Ensorcelled Hibernation        Hexes/Ice                    2
   c - Confuse                        Hexes                        3
   d - Tukima's Dance                 Hexes                        3
   e - Dazzling Spray                 Conjuration/Hexes            3
 r - a book of Changes

   Spells                             Type                      Level
   a - Beastly Appendage              Transmutation                1
   b - Sticks to Snakes               Transmutation                2
   c - Spider Form                    Transmutation/Poison         3
   d - Ice Form                       Ice/Transmutation            4
   e - Blade Hands                    Transmutation                5
 t - Sif Muna's Disquisition on Battle Magic
   (You found it on level 5 of the Dungeon)

   Spells                             Type                      Level
   a - Magic Dart                     Conjuration                  1


   Skills:
 * Level 5.6 Fighting
 + Level 5.0 Short Blades
 + Level 5.0 Dodging
 + Level 8.3 Stealth
 * Level 6.2 Spellcasting
 + Level 8.0 Hexes
 + Level 3.3 Transmutations
 + Level 3.9 Ice Magic


You had 8 spell levels left.
You knew the following spells:

 Your Spells              Type           Power        Failure   Level  Hunger
a - Corona                Hex            ####...      1%          1    None
b - Ensorcelled Hibernat  Hex/Ice        #####.       1%          2    None
c - Confuse               Hex            ####....     1%          3    ##.....
d - Sticks to Snakes      Tmut           ###.....     6%          2    None
e - Magic Dart            Conj           #...         12%         1    None
f - Dazzling Spray        Conj/Hex       ###...       10%         3    ##.....


Dungeon Overview and Level Annotations

Branches:
Dungeon (7/15)             Temple (1/1) D:6

Altars:
Ashenzari
Cheibriados
Dithmenos
Elyvilon
Fedhas
Gozag
Hepliaklqana
Kikubaaqudgha
Makhleb
Nemelex Xobeh
Okawaru
Qazlal
Sif Muna
Uskayaw
Vehumet
Xom
Yredelemnul
The Shining One

Shops:
D:6 **%(}


Innate Abilities, Weirdness & Mutations

You have razor-sharp teeth.
You have supernaturally acute eyesight. (SInv)
You can survive without breathing.


Message History

The ettin zombie completely misses you.
You hit the ettin zombie but do no damage.
You closely miss the quasit.
The quasit is moderately wounded.
The quasit bites the large abomination but does no damage.
The quasit claws the large abomination but does no damage. x2
The ettin zombie hits you!!
* * * LOW HITPOINT WARNING * * *
The ettin zombie hits you but does no damage.
What are your orders? t - Shout!
Orders for allies: a - Attack new target. p - Attack previous target. r - Retreat! s - Stop attacking. g - Guard the area. f - Follow me.
Anything else - Cancel.
Okay, then.
The large abomination barely misses you.
The quasit closely misses you. x2; The quasit misses you.
The large abomination hits you!!
You die...

#.. .#.. .. #
###.#.##.#... §..#
5.##.#. # # .§.##
##.#..# . ##
#..#..#.##. #5. #.#
#.##.# #..######. .
#..##.#. #......# .# #
#..#..#)###....#. . #.
#.....@#5....##..#.#/##
#.##..#X.##.##
#.......#
#.#.#.5##.#..#.#.#. .
....####Z..##.#...##
..#.. # ##### ...## ##
#. ## .. #.## # # # .#
# .##


You could see a large abomination, a quasit (confused) and an ettin zombie.

Vanquished Creatures
  An ice devil (Abyss:1)
  Grinder (D:5)
  Prince Ribbit (D:5)
  A hippogriff (D:6)
  A ynoxinul (Abyss:1)
  Edmund (D:5)
  Duvessa (D:5)
  Purgy (D:3)
  2 necrophages (D:6)
  A phantom (D:4)
  3 centaurs
  3 bullfrogs (D:6)
  Dowan (D:5)
  A water moccasin zombie (Ossuary)
  A scorpion (D:5)
  3 wights (D:6)
  2 howler monkeys
  A crimson imp (D:4)
  A centaur zombie (D:7)
  Crazy Yiuf (D:2)
  3 hounds (D:6)
  4 orc priests
  2 gnoll shamans
  8 orc wizards
  2 iguanas
  4 worker ants
  A big kobold zombie (Ossuary)
  6 adders
  9 gnolls
  A howler monkey skeleton (D:6)
  2 shadow imps (D:5)
  An ufetubus (Abyss:1)
  An ooze (D:4)
  3 adder zombies
  3 adder skeletons
  4 worms
  A dart slug (D:4)
  3 leopard geckos
  22 orcs
  5 bats
  5 giant cockroaches
  5 goblins
  6 hobgoblins
  13 jackals
  5 quokkas
  2 ball pythons
  3 frilled lizards
  A goblin zombie (D:4)
  A hobgoblin zombie (Ossuary)
  7 kobolds
  A leopard gecko skeleton (D:5)
  2 orc zombies (Ossuary)
  A quokka zombie (D:4)
  5 rats
  A butterfly (D:4)
171 creatures vanquished.

Vanquished Creatures (collateral kills)
  An orc wizard (D:6)
  An adder (D:7)
  2 orcs (D:7)
  A frilled lizard (D:6)
5 creatures vanquished.

Vanquished Creatures (others)
  An orc (D:6)
  8 starspawn tentacles (Abyss:1)
9 creatures vanquished.

Grand Total: 185 creatures vanquished

Notes
Turn   | Place    | Note
-------+----------+-------------------------------------------
     0 | D:1      | JeffiDaFish the Vampire Enchanter began the quest for the Orb.
     0 | D:1      | Reached XP level 1. HP: 13/13 MP: 3/3
   852 | D:2      | Reached XP level 2. HP: 7/19 MP: 5/5
  1348 | D:2      | Found a faded altar of an unknown god.
  1373 | D:2      | Reached skill level 5 in Stealth
  1386 | D:2      | Learned a level 2 spell: Ensorcelled Hibernation
  1502 | D:2      | Found a glowing golden altar of the Shining One.
  1515 | D:2      | Reached XP level 3. HP: 20/24 MP: 6/6
  1935 | D:2      | Learned a level 3 spell: Confuse
  2037 | D:2      | Reached skill level 1 in Fighting
  2160 | D:2      | Found a white marble altar of Elyvilon.
  2293 | D:2      | Found a runed door.
  2297 | D:2      | Noticed Crazy Yiuf
  2306 | D:2      | Killed Crazy Yiuf
  2306 | D:2      | Reached XP level 4. HP: 32/32 MP: 7/7
  2806 | D:3      | Reached skill level 5 in Hexes
  2919 | D:3      | Found a basalt altar of Yredelemnul.
  2927 | D:3      | Noticed Purgy
  2936 | D:3      | Killed Purgy
  2936 | D:3      | Reached XP level 5. HP: 36/38 MP: 5/9
  3216 | D:4      | Found a sand-covered staircase.
  3235 | Ossuary  | Entered an ossuary
  3293 | Ossuary  | Reached skill level 1 in Ice Magic
  3293 | Ossuary  | Reached XP level 6. HP: 15/46 MP: 7/10
  3302 | Ossuary  | HP: 1/46 [big kobold zombie (3)]
  3969 | D:4      | Found a burning altar of Makhleb.
  3970 | D:4      | Found a radiant altar of Vehumet.
  4156 | D:4      | Found a shimmering altar of Xom.
  4817 | D:4      | Reached XP level 7. HP: 31/52 MP: 6/12
  5770 | D:5      | Entered Level 5 of the Dungeon
  6058 | D:5      | Noticed Prince Ribbit
  6082 | D:5      | Killed Prince Ribbit
  6171 | D:5      | Reached XP level 8. HP: 48/60 MP: 14/14
  6241 | D:5      | Learned a level 2 spell: Sticks to Snakes
  6255 | D:5      | Noticed Grinder
  6256 | D:5      | Found a deep blue altar of Sif Muna.
  6285 | D:5      | Killed Grinder
  6450 | D:5      | Noticed Dowan
  6457 | D:5      | Noticed Duvessa
  6469 | D:5      | Killed Duvessa
  6469 | D:5      | Reached skill level 1 in Transmutations
  6490 | D:5      | Killed Dowan
  6572 | D:5      | Reached skill level 5 in Spellcasting
  6986 | D:5      | Noticed Edmund
  6997 | D:5      | Killed Edmund
  7005 | D:5      | Identified Sif Muna's Disquisition on Battle Magic
  7075 | D:5      | Learned a level 1 spell: Magic Dart
  7302 | D:6      | Found Ecroissa's Assorted Antiques.
  7308 | D:6      | Bought a dented pearl amulet for 155 gold pieces
  7421 | D:6      | Noticed a hippogriff
  7464 | D:6      | Killed a hippogriff
  7464 | D:6      | Reached XP level 9. HP: 20/67 MP: 10/17
  7789 | D:6      | Found a staircase to the Ecumenical Temple.
  7810 | Temple   | Entered the Ecumenical Temple
  7834 | Temple   | Became a worshipper of Dithmenos the Shadowed
  7917 | D:6      | Found an ancient bone altar of Kikubaaqudgha.
  8060 | D:6      | Found Rurops's Weapon Emporium.
  8100 | D:6      | Found Wesoplax's Food Boutique.
  8130 | D:6      | Found Xeaj's Gadget Shoppe.
  8152 | D:6      | Found Nedoserr's General Store.
  8268 | D:6      | Reached skill level 5 in Fighting
  8455 | D:5      | Learned a level 3 spell: Dazzling Spray
  9454 | D:6      | Reached * piety under Dithmenos
  9780 | D:7      | Cast into level 1 of the Abyss (gnoll)
  9804 | Abyss:1  | Noticed a spatial maelstrom
  9911 | Abyss:1  | Noticed an ice devil
  9949 | Abyss:1  | HP: 3/68 [ice devil (18)]
  9961 | Abyss:1  | Killed an ice devil
  9961 | Abyss:1  | Reached skill level 5 in Short Blades
 10025 | Abyss:1  | Noticed a smoke demon
 10277 | Abyss:1  | Reached skill level 5 in Dodging
 10305 | Abyss:1  | Noticed a starcursed mass
 10364 | Abyss:1  | Noticed a rakshasa
 10379 | Abyss:1  | Noticed a tentacled starspawn
 10403 | Abyss:1  | Noticed a bone dragon
 10403 | Abyss:1  | Noticed a hellwing
 10404 | Abyss:1  | Noticed a large abomination
 10426 | Abyss:1  | Noticed a large abomination
 10433 | Abyss:1  | Demolished by a large abomination

Vault maps used:
D:1:      dpeg_arrival_fog, serial_forest, infiniplex_forest_clump_medium,
          infiniplex_forest_lined_1, infiniplex_forest_straight_2,
          infiniplex_forest_lined_3_way, infiniplex_forest_zigzag_1,
          infiniplex_forest_clump_small, infiniplex_forest_clump_diagonal,
          infiniplex_forest_lined_3_way, infiniplex_forest_zigzag_1
D:2:      old_standard_altar, lemuel_round_altar, ecumenical_altar_1,
          corexii_hall_statues_u, kennysheep_generic_room_7,
          uniq_crazy_yiuf_cottage
D:3:      nicolae_overflow_hidden_temple, first_bread, uniq_purgy
D:4:      xom_butterflies, grunt_temple_overflow_lords_of_destruction,
          enter_ossuary_4
D:5:      led_sif_book, uniq_duvessa, uniq_edmund, uniq_prince_ribbit1,
          uniq_grinder
D:6:      serial_shops, nicolae_shop_temple_entry_statues_fountains,
          shop_statue, nicolae_shop_competitors_out_of_business, shop,
          kennysheep_little_box, lemuel_tele_altar
Temple:   minmay_temple_bridge_abc
Abyss:1:  minivault_4
Ossuary:  ossuary_tomb_2

Skill      XL: |  1  2  3  4  5  6  7  8  9 |
---------------+----------------------------+-----
Stealth        | 5 6 7 8 |  8.3
Fighting       | 1 2 3 4 5 |  5.6
Hexes          | 5 6 7 8 |  8.0
Short Blades   | 2 3 4 5 |  5.0
Dodging        | 3 4 5 |  5.0
Spellcasting   | 3 4 5 6 |  6.2
Ice Magic      | 1 2 3 |  3.9
Transmutations | 2 3 |  3.3

Action                   |  1- 3 |  4- 6 |  7- 9 || total
-------------------------+-------+-------+-------++-------
Melee: Dagger            |   138 |   185 |   396 ||   719
       Bite              |    13 |    17 |    43 ||    73
 Cast: Ensorcelled Hiber |     5 |    12 |    22 ||    39
       Confuse           |       |    13 |    63 ||    76
       Sticks to Snakes  |       |       |    34 ||    34
       Dazzling Spray    |       |       |     1 ||     1
 Abil: End Transformatio |       |       |     2 ||     2
       Bat Form          |       |       |     2 ||     2
  Use: Scroll            |     7 |     5 |     6 ||    18
       Potion            |     6 |    12 |    22 ||    40
 Stab: Sleeping          |    12 |    15 |    14 ||    41
       Confused          |       |     6 |    22 ||    28
       Distracted        |       |       |     1 ||     1
Armor: Robe              |    29 |    44 |    73 ||   146
Dodge: Dodged            |   101 |    79 |   255 ||   435
Block: Other             |       |       |    39 ||    39
       Reflection        |       |       |     2 ||     2
